 Dungeon Crawl Stone Soup version 0.31.0-7-gf635a9b802 (webtiles) character file.

Game seed: 16128138104377715825

947 dialectric the Basher (level 7, -4/61 HPs)
             Began as a Minotaur Fighter on Jan 24, 2024.
             Slain by a troll (14 damage)
             ... on level 5 of the Dungeon.
             The game lasted 00:04:40 (4202 turns).

dialectric the Basher (Minotaur Fighter)            Turns: 4202, Time: 00:04:40

Health: -4/61      AC:  7    Str: 23    XL:     7   Next: 89%
Magic:  6/6        EV: 11    Int:  5    God:
Gold:   204        SH:  0    Dex: 15    Spells: 6/6 levels left

rFire   . . .        a - +0 flail
rCold   . . .        (no shield)
rNeg    . . .        b - +0 scale mail
rPois   .            (helmet restricted)
rElec   .            (no cloak)
rCorr   .            (no gloves)
SInv    .            (no boots)
Will    .....        w - amulet of magic regeneration Stlth
                     y - +6 ring of dexterity
HPRegen 0.30/turn    (no ring)
MPRegen 0.50/turn

%: no passive effects
@: about to teleport, studying Throwing
A: horns 2, retaliatory headbutt
a: no special abilities


You were on level 5 of the Dungeon.
You visited 1 branch of the dungeon, and saw 5 of its levels.

You collected 249 gold pieces.
You spent 45 gold pieces at shops.

Inventory:

Hand Weapons
 a - a +0 flail (weapon)
Armour
 b - a +0 scale mail (worn)
 c - a +0 buckler
Jewellery
 w - an amulet of magic regeneration (around neck)
 y - a +6 ring of dexterity (left hand)
Wands
 p - a wand of polymorph (8)
Scrolls
 e - a scroll of torment {unknown}
 f - 2 scrolls of poison {unknown}
 h - 2 scrolls of revelation {unknown}
 i - a scroll of enchant weapon {unknown}
 j - 3 scrolls of amnesia {unknown}
 k - 3 scrolls of immolation {unknown}
 l - a scroll of identify {unknown}
 q - a scroll of enchant armour {unknown}
 t - a scroll of teleportation
 u - a scroll of butterflies {unknown}
 v - a scroll of fear {unknown}
Potions
 d - 3 potions of might
 g - 2 potions of haste {unknown}
 m - 3 potions of magic {unknown}
 n - 3 potions of lignification {unknown}
 o - a potion of cancellation {unknown}
 r - a potion of mutation {unknown}
 s - a potion of curing {unknown}
 x - a potion of heal wounds {unknown}
 z - a potion of degeneration {unknown}


   Skills:
 + Level 5.1 Fighting
 * Level 8.1 Maces & Flails
 + Level 6.3 Armour
 - Level 3.0 Dodging
 - Level 0.4 Stealth
 + Level 3.9 Shields


You had 6 spell levels left.
You didn't know any spells.
Your spell library contained the following spells:

 Spells                   Type           Power      Damage    Failure   Level
 Kiss of Death            Conj/Necr      0%         2d5       77%         1
 Ensorcelled Hibernation  Hex/Ice        0%         N/A       88%         2
 Confusing Touch          Hex            0%         N/A       98%         3
 Fugue of the Fallen      Necr           0%         N/A       98%         3
 Anguish                  Hex/Necr       0%         N/A       100%        4
 Dispel Undead            Necr           0%         3d6       100%        4


Dungeon Overview and Level Annotations

Branches:
Dungeon (5/15)
 Temple: D:4-7

Altars:

Shops:
D:1 [   D:2 [   D:5 ?


Innate Abilities, Weirdness & Mutations

You have a pair of horns on your head.
You reflexively headbutt those who attack you in melee.


Message History

You pick up a manual of Throwing and begin studying.
You see here an adder corpse.
Found a stone staircase leading down.
No target in view!
You see here an adder corpse.
The shadow slips into darkness.
The shadow flickers and vanishes!
Deactivating autopickup; reactivate with Ctrl-A.
No target in view!
There is a strange disturbance nearby!
No target in view!
No target in view!
You see here an adder corpse.
A troll comes into view.
The troll shouts!
The shadow strikes at you from the darkness!
Reactivating autopickup.
The shadow closely misses you.
You hit the shadow. Your headbutt misses the shadow.
The shadow is lightly damaged.
You barely miss the shadow. Your headbutt misses the shadow.
The shadow is lightly damaged.
The shadow hits you.
You sock the shadow!
The shadow is heavily damaged.
The shadow hits you!
Unknown command.
The shadow slips into darkness.
The shadow flickers and vanishes!
Deactivating autopickup; reactivate with Ctrl-A.
As you read the scroll of teleportation, it crumbles to dust.
You feel strangely unstable.
The shadow strikes at you from the darkness!
* * * LOW HITPOINT WARNING * * *
Reactivating autopickup.
Unknown command.
The shadow attacks as it pursues you! The shadow hits you.
* * * LOW HITPOINT WARNING * * *
The troll attacks as it pursues you! The troll bites you!
You die...

..... ####....... .... .
...#......# ##.#.##
.##........# ..
...#.###..#.......# #..#
#..#..###.##.....###
#...##...##†.##.#........
#..>...#.#...#..|......
###...WT##.##....##....
#...@..........##....
#..............##....
#............≈.≈#....
#............≈.≈#....
####.........≈.≈#....
#.........≈∩≈##...
#####.....≈≈≈##...
#.............
#.............


You could see a troll and a shadow.

Vanquished Creatures
  Grinder (D:3)
  A black bear (D:4)
  A phantom (D:3)
  A bullfrog (D:5)
  A scorpion (D:4)
  A howler monkey (D:5)
  A jelly (D:4)
  A gnoll bouda (D:2)
  A hound (D:5)
  Jessica (D:3)
  Natasha (twice) (D:2)
  3 orc wizards
  3 gnolls
  5 adders
  2 ufetubi (D:5)
  3 dart slugs
  A ribbon worm (D:4)
  14 orcs
  5 ball pythons
  4 endoplasms
  6 giant cockroaches
  8 goblins
  4 hobgoblins
  6 kobolds
  A quokka (D:3)
  8 bats
  3 frilled lizards (D:1)
  4 rats
92 creatures vanquished.

Vanquished Creatures (others)
  An orc (D:5)
1 creature vanquished.

Grand Total: 93 creatures vanquished

Notes
Turn   | Place    | Note
-------+----------+-------------------------------------------
     0 | D:1      | dialectric the Minotaur Fighter began the quest for the
                  | Orb.
     0 | D:1      | Reached XP level 1. HP: 19/19 MP: 0/0
    64 | D:1      | Found a faded altar of an unknown god.
   159 | D:1      | Reached XP level 2. HP: 27/27 MP: 1/1
   408 | D:1      | Reached skill level 1 in Dodging
   509 | D:1      | Found Rulas's Antique Armour Boutique.
   663 | D:1      | Reached XP level 3. HP: 33/33 MP: 2/2
   986 | D:2      | Found Salus's Antique Armour Emporium.
  1358 | D:2      | Noticed Natasha
  1364 | D:2      | Killed Natasha
  1365 | D:2      | Reached skill level 3 in Maces & Flails
  1365 | D:2      | Reached XP level 4. HP: 29/40 MP: 3/3
  1710 | D:2      | Noticed Natasha
  1719 | D:2      | Killed Natasha
  1720 | D:2      | Reached skill level 4 in Maces & Flails
  1874 | D:3      | Noticed a phantom
  1881 | D:3      | Killed a phantom
  1882 | D:3      | Reached XP level 5. HP: 45/47 MP: 4/4
  2145 | D:3      | Reached skill level 5 in Armour
  2178 | D:3      | Noticed Jessica
  2180 | D:3      | Killed Jessica
  2181 | D:3      | Reached skill level 5 in Maces & Flails
  2202 | D:3      | Noticed Grinder
  2216 | D:3      | Killed Grinder
  2217 | D:3      | Reached skill level 6 in Maces & Flails
  2217 | D:3      | Reached XP level 6. HP: 13/53 MP: 5/5
  2758 | D:4      | Reached XP level 7. HP: 53/60 MP: 6/6
  3078 | D:4      | Reached skill level 7 in Maces & Flails
  3726 | D:5      | Entered Level 5 of the Dungeon
  3743 | D:5      | Reached skill level 5 in Fighting
  3761 | D:5      | Noticed a shadow
  3933 | D:5      | Reached skill level 8 in Maces & Flails
  4157 | D:5      | Found Kudezul's Magic Scroll Boutique.
  4169 | D:5      | Bought a scroll of teleportation for 45 gold pieces
  4194 | D:5      | Noticed a troll
  4202 | D:5      | Slain by a troll

Illustrated notes

Levels and vault maps discovered:
D:1:      scummos_arrival_checkerplants, layout_loops_corners,
          ebering_ecumenical_altar_hall, serial_shops,
          nicolae_shop_tiny_real_fake_doors
D:2:      layout_loops_corners, serial_shops, nicolae_shop_tiny_waterfront,
          kennysheep_cross_bottleneck, uniq_natasha
D:3:      layout_loops_cross, uniq_grinder, uniq_jessica
D:4:      layout_cave_pods
D:5:      layout_basic, minmay_temple_entry_glassed_door, serial_shops,
          nicolae_shop_peninsula, minmay_manual_mess

Skill      XL: |  1  2  3  4  5  6  7 |
---------------+----------------------+-----
Dodging        | 1 2 3 |  3.0
Armour         | 4 5 6 |  6.3
Fighting       | 4 5 |  5.1
Maces & Flails | 3 4 6 8 |  8.1
Stealth        | |  0.4
Shields        | |  3.9

Action                     |  1- 3 |  4- 6 |  7- 9 || total
---------------------------+-------+-------+-------++-------
  Melee: Flail             |    67 |    87 |    77 ||   231
         Headbutt          |     5 |    11 |    12 ||    28
         Punch             |       |     2 |     1 ||     3
    Use: Scroll            |       |       |     1 ||     1
 Armour: Scale mail        |    56 |    73 |    86 ||   215
  Dodge: Dodged            |    35 |    54 |    58 ||   147
